 Dungeon Crawl Stone Soup version 0.18.1-6-gd335043 (webtiles) character file.

624 Gingerlord the Skirmisher (level 7, -4/44 HPs)
             Began as a Gargoyle Gladiator on May 18, 2016.
             Slain by an ogre
             ... wielding a +0 giant club
              (23 damage)
             ... on level 5 of the Dungeon.
             The game lasted 00:05:57 (3946 turns).

Gingerlord the Skirmisher (Gargoyle Gladiator)      Turns: 3946, Time: 00:05:58

Health: -4/44      AC: 19    Str: 18    XL:     7   Next: 47%
Magic:  7/7        EV:  6    Int:  9    God:
Gold:   271        SH:  0    Dex: 12    Spells: 0 memorised, 6 levels left

rFire  . . .     SeeInvis .     a - +0 war axe
rCold  . . .     Gourm    .     k - +0 plate armour
rNeg   + . .     Faith    .     (no shield)
rPois  ∞         Spirit   .     c - +0 helmet
rElec  +         Dismiss  .     b - +0 cloak
rCorr  .         Reflect  .     (no gloves)
SustAt .         Harm     .     (no boots)
MR     .....                    (no amulet)
Stlth  ..........               (no ring)
                                (no ring)

@: not resistant to hostile enchantments, extremely unstealthy
A: negative energy resistance 1, electricity resistance, unbreathing,
petrification resistance, rot immunity, AC +4
a: no special abilities


You were on level 5 of the Dungeon.
You were not hungry.

You visited 1 branch of the dungeon, and saw 5 of its levels.

You collected 271 gold pieces.

Inventory:

Hand Weapons
 a - a +0 war axe (weapon)
Armour
 b - a +0 cloak (worn)
 c - a +0 helmet (worn)
 k - a +0 plate armour (worn)
Scrolls
 e - 2 scrolls of teleportation
 g - a scroll of recharging
Potions
 d - a potion of brilliance
 i - a potion of cancellation {unknown}
 j - 4 potions of curing
 l - a potion of agility {unknown}
 m - a potion of berserk rage
 o - a potion of invisibility {unknown}
 r - 2 potions of heal wounds {unknown}
Comestibles
 f - 4 bread rations
 n - 3 meat rations


   Skills:
 + Level 4.7 Fighting
 + Level 4.3 Axes
 - Level 1.7 Throwing
 + Level 4.3 Armour
 + Level 3.9 Dodging


You had 6 spell levels left.
You didn't know any spells.

Dungeon Overview and Level Annotations

Branches:
Dungeon (5/15)
 Temple: D:4-7

Altars:
Ashenzari
Elyvilon
Nemelex Xobeh
Qazlal
Sif Muna
Yredelemnul


Innate Abilities, Weirdness & Mutations

You are resistant to torment.
Your stone body is resilient (AC +4).
You are immune to poison.
You resist negative energy.
You are resistant to electric shocks.
You can survive without breathing.
You are immune to petrification.
You are immune to rotting.


Message History

An ogre comes into view. It is wielding a giant club.
The ogre shouts!
An ogre is nearby!
Found a stone staircase leading down.
The ogre barely misses you.
You barely miss the ogre. The ogre hits you but does no damage.
You hit the ogre.
The ogre is lightly wounded.
The ogre barely misses you.
You hit the ogre.
The ogre is moderately wounded.
The ogre hits you with a giant club!!
You hit the ogre.
The ogre is moderately wounded.
The ogre hits you with a giant club!
You slash the ogre!
The ogre is almost dead.
The ogre hits you with a giant club!!
Ouch! That really hurt!
You die...

....)..###.........
#.# #.#
.............#.....#
#.# #.#
....<..###...##..#.#
#.# #.#
##...#.......##..#.#
##.###.#
.......###...##..#.#
#[.....# ##...###
######.>#.# #..#####
##.##
#####..#.####..# ..
##..............#
###
......O@..####.## ##
........######.#
####..........[#
#...######### ####


You could see an ogre.

Vanquished Creatures
  A centaur (D:5)
  A giant frog (D:4)
  A scorpion (D:4)
  Crazy Yiuf (D:2)
  A gnoll shaman (D:4)
  2 orc wizards (D:4)
  A centaur skeleton (D:4)
  An iguana (D:5)
  A worker ant (D:4)
  Robin (D:3)
  5 gnolls
  7 adders
  An adder skeleton (D:5)
  5 dart slugs
  11 orcs
  7 bats
  7 giant cockroaches
  2 gnoll zombies (D:2)
  19 goblins
  9 hobgoblins
  3 jackals (D:3)
  7 kobolds
  2 quokkas
  A ball python (D:3)
  4 giant newts
  6 rats
  A fungus (D:2)
108 creatures vanquished.

Notes
Turn   | Place    | Note
--------------------------------------------------------------
     0 | D:1      | Gingerlord the Gargoyle Gladiator began the quest for the Orb.
     0 | D:1      | Reached XP level 1. HP: 12/12 MP: 1/1
    71 | D:1      | Reached XP level 2. HP: 13/18 MP: 2/2
   462 | D:1      | Reached skill level 1 in Armour
   526 | D:1      | Reached XP level 3. HP: 22/22 MP: 3/3
  1184 | D:2      | Reached XP level 4. HP: 18/27 MP: 4/4
  1753 | D:2      | Gained mutation: You are occasionally teleported next to monsters. [potion of mutation]
  1753 | D:2      | Gained mutation: Scrolls take you a little longer to read. [potion of mutation]
  1753 | D:2      | Gained mutation: You are partially covered in thin metallic scales (AC +2). [potion of mutation]
  1754 | D:2      | Lost mutation: Scrolls take you a little longer to read. [potion of cure mutation]
  1754 | D:2      | Lost mutation: You are occasionally teleported next to monsters. [potion of cure mutation]
  1754 | D:2      | Lost mutation: You are partially covered in thin metallic scales (AC +2). [potion of cure mutation]
  1758 | D:2      | Found a basalt altar of Yredelemnul.
  1868 | D:2      | Noticed Crazy Yiuf
  1877 | D:2      | Killed Crazy Yiuf
  1988 | D:3      | Reached XP level 5. HP: 31/32 MP: 5/5
  2191 | D:3      | Noticed Robin
  2204 | D:3      | Killed Robin
  2312 | D:3      | Found a stormy altar of Qazlal.
  2315 | D:3      | Found a sparkling altar of Nemelex Xobeh.
  2315 | D:3      | Found a deep blue altar of Sif Muna.
  2345 | D:3      | Found a white marble altar of Elyvilon.
  2581 | D:4      | Reached XP level 6. HP: 25/38 MP: 6/6
  3419 | D:4      | Reached XP level 7. HP: 35/44 MP: 7/7
  3706 | D:5      | Entered Level 5 of the Dungeon
  3876 | D:5      | Found a shattered altar of Ashenzari.
  3946 | D:5      | Slain by an ogre

Skill      XL: |  1  2  3  4  5  6 |
---------------+-------------------+-----
Armour         | 1 2 3 4 |  4.3
Axes           | 3 4 |  4.3
Fighting       | 3 4 |  4.7
Dodging        | 3 |  3.9
Throwing       | |  1.7

Action                   |  1- 3 |  4- 6 |  7- 9 || total
-------------------------+-------+-------+-------++-------
Melee: War axe           |    75 |   292 |    47 ||   414
  Use: Scroll            |       |    12 |       ||    12
       Potion            |       |     2 |       ||     2
  Eat: Chunk             |       |     8 |     3 ||    11
Armor: Leather armour    |    36 |    22 |       ||    58
       Chain mail        |       |   211 |    23 ||   234
       Plate armour      |       |       |     1 ||     1
Dodge: Dodged            |    59 |   172 |    27 ||   258
